 Dungeon Crawl Stone Soup version 0.31-a0-150-g89dc3ad700 (webtiles) character file.

Game seed: 7015360832646745442

70 Atlas the Firebug (level 4, 0/25 (30) HPs)
             Began as a Demonspawn Fire Elementalist on June 8, 2023.
             Slain by a gnoll
             ... wielding a +0 flail
              (2 damage)
             ... on level 3 of the Dungeon.
             The game lasted 00:04:05 (3563 turns).

Atlas the Firebug (Demonspawn Fire Elementalist)    Turns: 3563, Time: 00:04:05

HP:   0/25 (30)     AC: 11    Str:  8    XL:     4   Next: 4%
MP:   0/7           EV: 11    Int: 18    God:
Gold: 97            SH:  8    Dex: 16    Spells: 4/7 levels left

rFire   . . .        i - +1 dagger (protect)
rCold   . . .        n - +0 buckler
rNeg    . . .        o - +0 leather armour
rPois   .            (no helmet)
rElec   .            (no cloak)
rCorr   .            h - +0 pair of gloves
SInv    .            (no boots)
Will    .....        e - amulet of reflection
Stlth   +++          (no ring)
HPRegen 0.24/turn    (no ring)
MPRegen 0.20/turn

%: reflection
@: under a protective aura, heavily drained
A: thin skeletal structure 1, magic regeneration, weakness stinger 1
a: no special abilities


You were on level 3 of the Dungeon.
You visited 1 branch of the dungeon, and saw 4 of its levels.

You collected 97 gold pieces.

Inventory:

Hand Weapons
 i - a +1 dagger of protection (weapon)
Armour
 h - a +0 pair of gloves (worn)
 n - a +0 buckler (worn)
 o - a +0 leather armour (worn)
Jewellery
 e - an amulet of reflection (around neck)
Scrolls
 d - a scroll of fog
 f - 3 scrolls of teleportation
 g - 2 scrolls of butterflies
 k - a scroll of enchant weapon
Potions
 b - 2 potions of magic
 j - a potion of resistance
 l - a potion of invisibility {unknown}
 m - a potion of mutation {unknown}


   Skills:
 + Level 0.1 Short Blades
 + Level 1.9 Dodging
 + Level 2.0 Stealth
 + Level 2.4 Spellcasting
 + Level 1.5 Conjurations
 + Level 3.7 Fire Magic


You had 4 spell levels left.
You knew the following spells:

 Your Spells              Type           Power      Damage    Failure   Level
a - Scorch                Fire           30%        2d6       13%         2
b - Foxfire               Conj/Fire      44%        2x1d6     14%         1

Your spell library contained the following spells:

 Spells                   Type           Power      Damage    Failure   Level
 Magic Dart               Conj           28%        1d4       22%         1
 Inner Flame              Hex/Fire       9%         N/A       50%         3
 Volatile Blastmotes      Fire/Tloc      18%        2d11      50%         3
 Call Imp                 Summ           4%         N/A       52%         2
 Ensorcelled Hibernation  Hex/Ice        4%         N/A       52%         2
 Passwall                 Tmut/Erth      1%         N/A       52%         2
 Mephitic Cloud           Conj/Pois/Air  4%         N/A       69%         3
 Swiftness                Air            2%         N/A       77%         3
 Flame Wave               Conj/Fire      11%        2d6       80%         4


Dungeon Overview and Level Annotations

Branches:
Dungeon (4/15)
 Temple: D:4-7

Altars:

Annotations:
D:4 Edmund


Innate Abilities, Weirdness & Mutations

You have a somewhat thin skeletal structure. (Dex +2, Stealth+)
You regenerate magic rapidly.
You have a small tail.


Message History

Your magical contamination has completely faded away.
There is a stone staircase leading down here.
Casting: Scorch (safe; 13% risk of failure)
Confirm with . or Enter, or press ? or * to list all spells.
You miscast Scorch.
You are very lightly contaminated with residual magic.
Nothing appears to happen.
The gnoll hits you with a +0 flail.
Casting: Scorch (safe; 13% risk of failure)
Confirm with . or Enter, or press ? or * to list all spells.
You don't have enough magic to cast this spell.
You hit the gnoll.
Your weapon exudes an aura of protection.
The gnoll is severely wounded.
You block the gnoll's attack.
You hit the gnoll.
The gnoll is severely wounded.
You block the gnoll's attack.
You closely miss the gnoll.
You tail-slap the gnoll, but do no damage.
The gnoll is severely wounded.
The gnoll hits you with a +0 flail!
You hit the gnoll but do no damage.
You tail-slap the gnoll, but do no damage.
The gnoll is severely wounded.
The gnoll hits you with a +0 flail!
* * * LOW HITPOINT WARNING * * *
The gnoll barely misses you.
You barely miss the gnoll.
The gnoll is severely wounded.
The gnoll hits you with a +0 flail.
* * * LOW HITPOINT WARNING * * *
Casting: Scorch (safe; 13% risk of failure)
Confirm with . or Enter, or press ? or * to list all spells.
You don't have enough magic to cast this spell.
Casting: Scorch (safe; 13% risk of failure)
Confirm with . or Enter, or press ? or * to list all spells.
You conjure some foxfire!
The gnoll hits you but does no damage.
Your magical contamination has completely faded away.
The gnoll attacks as you move away! The gnoll hits you with a +0 flail.
You die...

##...##..#
##......#
#8...8#..#
#......#
##...#####
#......#
#...#
#......#
##...##
####......#
#8...8#
##.........#
##...##
##.♣...♣..###
##...#
##.....v...##
.....#
#.♣...@g..♣.#
.....8#
##.....v...##
.....##
##.♣...♣.##
###8##
##.....## #
### #######


You could see a gnoll (ally target).

Vanquished Creatures
  An adder (D:3)
  A dart slug (D:2)
  An orc (D:2)
  4 endoplasms
  3 giant cockroaches
  8 goblins
  6 hobgoblins
  2 jackals (D:1)
  3 quokkas
  6 ball pythons
  4 bats
  3 frilled lizards
  4 kobolds
  5 rats
51 creatures vanquished.

Vanquished Creatures (others)
  84 foxfires
84 creatures vanquished.

Grand Total: 135 creatures vanquished

Notes
Turn   | Place    | Note
-------+----------+-------------------------------------------
     0 | D:1      | Atlas the Demonspawn Fire Elementalist began the quest for
                  | the Orb.
     0 | D:1      | Reached XP level 1. HP: 13/13 MP: 3/3
   418 | D:1      | Reached skill level 3 in Fire Magic
   495 | D:1      | Gained mutation: You regenerate magic rapidly. [demonic
                  | ancestry]
   495 | D:1      | Reached XP level 2. HP: 19/19 MP: 3/5
  1034 | D:1      | Learned a level 2 spell: Scorch
  1390 | D:2      | Gained mutation: You have a small tail. [demonic ancestry]
  1390 | D:2      | Reached XP level 3. HP: 24/24 MP: 0/6
  1711 | D:2      | Found a faded altar of an unknown god.
  3277 | D:4      | Noticed Edmund
  3317 | D:4      | Gained mutation: You have a somewhat thin skeletal
                  | structure. (Dex +2, Stealth+) [demonic ancestry]
  3317 | D:4      | Reached XP level 4. HP: 30/30 MP: 4/7
  3563 | D:3      | Slain by a gnoll

Illustrated notes

Levels and vault maps discovered:
D:1:      dpeg_arrival_chambers_temple_mockup, layout_basic,
          serial_co_window_serial, co_window_paths_a, co_window_paths_a,
          co_window_of_opportunity_a, co_window_of_opportunity_a,
          co_window_paths_a, co_window_broadway_b, co_window_broadway_a,
          co_window_of_opportunity_b, co_window_broadway_c, glass_columns_c,
          glass_columns_a
D:2:      layout_basic, hellmonk_ecumenical_altar_blasted, serial_bayou_crossing
D:3:      layout_basic, serial_corexii_hall, corexii_hall_statues_x,
          corexii_hall_statues_s, corexii_hall_statues_s,
          corexii_hall_statues_x, corexii_hall_statues_l,
          chequers_hall_statues_corner_a, minmay_misc_feat_four_crosses,
          grunt_ministairs_2, minmay_crystal_room
D:4:      layout_loops_ring, dk_vineyard_1, hangedman_decor_clover_reticule,
          kennysheep_generic_room_7, uniq_edmund

Skill      XL: |  1 |
---------------+----+-----
Stealth        | 2 |  2.0
Fire Magic     | 3 |  3.7
Short Blades   | |  0.1
Dodging        | |  1.9
Spellcasting   | |  2.4
Conjurations   | |  1.5

Action                     |  1- 3 |  4- 6 || total
---------------------------+-------+-------++-------
  Melee: Unarmed           |     4 |       ||     4
         Dagger            |     6 |     8 ||    14
         Tailslap          |     1 |     2 ||     3
   Cast: Foxfire           |    50 |     6 ||    56
         Scorch            |    31 |     5 ||    36
    Use: Scroll            |     5 |     1 ||     6
 Armour: Robe              |     4 |       ||     4
         Leather armour    |       |     4 ||     4
  Dodge: Dodged            |    16 |     3 ||    19
  Block: Other             |     4 |       ||     4
         Buckler           |       |     9 ||     9

Table legend: (Time is in decaauts)
 A = Elapsed time spent in this place.
 B = Non-inter-level travel time spent in this place.
 C = Inter-level travel time spent in this place.
 D = Time resting spent in this place.
 E = Time spent auto-exploring this place.
 F = Levels seen in this place.
 G = Mean time per level.
                   A        B        C        D        E       F      G
               +--------+--------+--------+--------+--------+-----+--------+
         Total |   3572 |   3481 |     91 |      0 |   3052 |   4 |  893.0 |
       Dungeon |   3572 |   3481 |     91 |      0 |   3052 |   4 |  893.0 |
               +--------+--------+--------+--------+--------+-----+--------+

Top non-repeatable levels by time:
     D:1: 1265 daAuts
     D:3: 938 daAuts
     D:2: 849 daAuts
     D:4: 519 daAuts
